 Dungeon Crawl Stone Soup version 0.31.0-32-g396128a36d (webtiles) character file.

Game seed: 1109590084144552456

32195 booth the Cleaver (level 13, -3/106 HPs)
             Began as a Demonspawn Gladiator on Apr 17, 2024.
             Was the Champion of Okawaru.
             Slain by a seven-headed hydra (11 damage)
             ... on level 4 of the Lair of Beasts on Apr 18, 2024.
             The game lasted 01:23:23 (15453 turns).

booth the Cleaver (Demonspawn Gladiator)           Turns: 15453, Time: 01:23:23

Health: -3/106     AC: 25    Str: 20    XL:     13   Next: 30%
Magic:  13/21      EV: 12    Int:  8    God:    Okawaru [******]
Gold:   873        SH:  9    Dex: 15    Spells: 12/12 levels left

rFire   + . .        i - +2 mace (venom)
rCold   . . .        (no shield)
rNeg    + . .        G - +3 ring mail "Fisais" {rN+ Str+3 Int-3}
rPois   +            w - +2 helmet
rElec   .            m - +0 cloak
rCorr   .            D - +2 pair of gloves
SInv    +            T - +0 pair of boots
Will    .....        a - amulet of reflection
Stlth   +            E - ring of poison resistance
HPRegen 0.37/turn    b - ring of see invisible
MPRegen 0.34/turn

%: reflection
@: on berserk cooldown, slowed, very slow
A: hooves 1, molten scales 3, icemail 1, magic regeneration, condensation shield
a: Renounce Religion, Heroism, Finesse, Duel


You were on level 4 of the Lair of Beasts.
You worshipped Okawaru.
Okawaru was exalted by your worship.
You visited 3 branches of the dungeon, and saw 16 of its levels.
You also visited: Sewer.

You collected 873 gold pieces.

Inventory:

Hand Weapons
 i - a +2 mace of venom (weapon)
 y - the +8 Wrath of Trog {antimagic, *Rage Rampage}
   (You acquired it on level 7 of the Dungeon)

   It causes slowness and exhaustion when equipped.
   It extends the wielder's berserk rage when killing foes.
   *Rage:     It berserks you when you make melee attacks (+50% chance).
   Rampage:   It bestows one free step when moving towards enemies.
 I - a +2 war axe of venom
 N - a +6 heavy executioner's axe
Missiles
 d - 2 throwing nets
 e - 4 javelins
 n - 12 boomerangs (quivered)
 t - 35 poisoned darts
 u - 7 silver javelins
 A - 5 curare-tipped darts
 P - 2 atropa-tipped darts
Armour
 m - a +0 cloak (worn)
 w - a +2 helmet (worn)
 D - a +2 pair of gloves (worn)
 G - the +3 ring mail "Fisais" (worn) {rN+ Str+3 Int-3}
   (You took it off a gnoll on level 8 of the Dungeon)

   Str+3:     It affects your strength (+3).
   Int-3:     It affects your intelligence (-3).
   rN+:       It protects you from negative energy.
 H - the +15 Maxwell's patent armour {-Cast -Tele rElec Will+ rCorr}
   (You found it on level 1 of the Lair of Beasts)

   rElec:     It insulates you from electricity.
   Will+:     It increases your willpower.
   -Cast:     It prevents spellcasting.
   -Tele:     It prevents most forms of teleportation.
   rCorr:     It protects you from acid and corrosion.
 M - the +7 crystal plate armour "Ysugh" {Int+3 Stlth+}
   (Okawaru gifted it to you on level 1 of the Lair of Beasts)

   Int+3:     It affects your intelligence (+3).
   Stlth+:    It makes you more stealthy.
 T - a +0 pair of boots (worn)
Jewellery
 a - an amulet of reflection (around neck)
 b - a ring of see invisible (right hand)
 p - a +6 ring of dexterity
 E - a ring of poison resistance (left hand)
 F - a +6 ring of intelligence
Wands
 C - a wand of light (10)
 O - a wand of iceblast (4)
 Q - a wand of flame (41)
Scrolls
 f - 2 scrolls of fog
 g - a scroll of fear
 h - a scroll of poison
 k - 8 scrolls of teleportation
 J - a scroll of brand weapon
 K - 2 scrolls of vulnerability
 L - a scroll of torment
 R - a scroll of immolation
 S - a scroll of identify
Potions
 c - 2 potions of lignification
 j - 4 potions of curing
 l - 6 potions of enlightenment
 o - a potion of attraction
 q - 2 potions of heal wounds
 r - 2 potions of invisibility
 s - 3 potions of mutation
 v - 3 potions of might
 x - 2 potions of resistance
 z - a potion of magic
 B - a potion of cancellation


   Skills:
 + Level 11.0 Fighting
 * Level 14.0 Axes
 + Level 9.2 Throwing
 - Level 3.6 Armour
 - Level 2.8 Dodging
 + Level 11.4 Invocations


You had 12 spell levels left.
You didn't know any spells.
Your spell library contained the following spells:

 Spells                   Type           Power      Damage    Failure   Level
 Sting                    Conj/Alch      0%         1d3       56%         1
 Mercury Vapours          Alch/Air       0%         N/A       71%         2
 Sublimation of Blood     Necr           0%         N/A       71%         2
 Mephitic Cloud           Conj/Alch/Air  0%         N/A       91%         3
 Olgreb's Toxic Radiance  Alch           0%         N/A       100%        4
 Freezing Cloud           Conj/Ice/Air   0%         6-21      100%        5
 Orb of Destruction       Conj           0%         9d5       100%        7
 Call Imp                 Summ           Unusable   N/A       N/A         2
 Summon Blazeheart Golem  Fire/Summ      Unusable   N/A       N/A         4
 Spellforged Servitor     Conj/Summ      Unusable   N/A       N/A         7
 Summon Hydra             Summ           Unusable   N/A       N/A         7

Dungeon Overview and Level Annotations

Branches:
Dungeon (10/15)            Temple (1/1) D:4            Lair (5/5) D:9
  Swamp (0/4) Lair:2       Spider (0/4) Lair:2        Sewer (visited)
  Slime: Lair:4-5       Orc: D:9-12

Altars:
Ashenzari
Cheibriados
Dithmenos
Fedhas
Gozag
Hepliaklqana
Kikubaaqudgha
Makhleb
Nemelex Xobeh
Okawaru
Qazlal
Ru
Sif Muna
Trog
Uskayaw
Vehumet
Wu Jian
Xom
Yredelemnul

Annotations:
D:3 1 runed translucent door, Crazy Yiuf


Innate Abilities, Weirdness & Mutations

You have large cloven feet.
You are completely covered in molten scales. (AC +4, rF+)
A meltable icy envelope protects you from harm. (AC +4)
You regenerate magic rapidly.
A meltable shield of frost defends you. (SH +4)


Message History

The seven-headed hydra closely misses you.
You feel much better.
The seven-headed hydra closely misses you.
The seven-headed hydra bites you.
You block the seven-headed hydra's attack.
The seven-headed hydra bites you but does no damage.
The seven-headed hydra barely misses you.
The seven-headed hydra bites you but does no damage.
The seven-headed hydra barely misses you.
The seven-headed hydra bites you but does no damage.
The seven-headed hydra closely misses you.
The seven-headed hydra bites you.
The seven-headed hydra bites you but does no damage. x2
The seven-headed hydra closely misses you.
The seven-headed hydra bites you but does no damage.
You sock the seven-headed hydra!
The seven-headed hydra is heavily wounded.
The seven-headed hydra bites you!
* * * LOW HITPOINT WARNING * * *
The seven-headed hydra bites you but does no damage.
The seven-headed hydra bites you!
* * * LOW HITPOINT WARNING * * *
The seven-headed hydra barely misses you.
The seven-headed hydra misses you. x2
You block the seven-headed hydra's attack.
You hit the seven-headed hydra.
The seven-headed hydra looks even sicker.
The seven-headed hydra is heavily wounded.
You block the seven-headed hydra's attack.
The seven-headed hydra bites you but does no damage.
The seven-headed hydra bites you.
* * * LOW HITPOINT WARNING * * *
The seven-headed hydra bites you but does no damage.
The seven-headed hydra bites you!
* * * LOW HITPOINT WARNING * * *
The seven-headed hydra bites you but does no damage.
The seven-headed hydra bites you.
* * * LOW HITPOINT WARNING * * *
The seven-headed hydra bites you!
You die...

#.......
#......
##.....
#.....
#.... ...
##D###
#.@†.###
##...#.##.
......
#........
......
##........
.....
##.........
#...
#.#...#...#
#..
##........#
#..
##.†......
.###..
#........
......


You could see a seven-headed hydra (very poisoned).

Vanquished Creatures
  4 hydras
  A catoblepas (Lair:1)
  A two-headed ogre (D:10)
  A fire crab (Lair:2)
  2 skysharks (Lair:2)
  Pikel (D:8)
  A lindwurm (Lair:2)
  3 elephants (Lair:4)
  2 black mambas
  7 cane toads
  A gargoyle (D:10)
  5 komodo dragons
  A kobold demonologist (D:9)
  A rime drake (Lair:2)
  2 polar bears (Lair:3)
  3 trolls
  A hornet (D:8)
  5 dream sheep (Lair:4)
  Grinder (D:3)
  8 blink frogs
  5 culicivoras (Lair:2)
  A vampire (D:9)
  46 yaks
  6 basilisks
  9 wyverns
  2 steam dragons
  Menkaure (D:7)
  A swamp worm (Lair:2)
  An acid dragon (D:10)
  11 water moccasins
  Duvessa (D:6)
  A sky beast (D:8)
  A swamp drake (D:9)
  An ice beast (D:5)
  3 black bears
  2 orc warriors
  5 ogres
  6 wolves (Lair:1)
  3 centaurs
  2 phantoms
  4 kobold brigands
  16 bullfrogs
  A gnoll sergeant (D:9)
  3 scorpions
  6 wights
  Dowan (D:6)
  7 killer bees
  4 howler monkeys (D:8)
  2 gnoll boudas
  3 bombardier beetles
  2 hounds (D:5)
  A jelly (D:6)
  3 orc priests
  5 iguanas
  9 orc wizards
  6 gnolls
  4 adders
  A white imp (D:6)
  A dart slug (D:2)
  2 ribbon worms
  26 orcs
  10 bats
  13 endoplasms
  7 giant cockroaches
  10 goblins
  3 hobgoblins
  29 kobolds
  8 quokkas
  8 ball pythons
  A frilled lizard (D:2)
  6 rats
361 creatures vanquished.

Notes
Turn   | Place    | Note
-------+----------+-------------------------------------------
     0 | D:1      | booth the Demonspawn Gladiator began the quest for the Orb.
     0 | D:1      | Reached XP level 1. HP: 16/16 MP: 1/1
   129 | D:1      | Gained mutation: A meltable shield of frost defends you.
                  | (SH +4) [demonic ancestry]
   129 | D:1      | Reached XP level 2. HP: 22/22 MP: 2/2
   361 | D:1      | Reached skill level 3 in Axes
   882 | D:2      | Reached XP level 3. HP: 28/28 MP: 3/3
  1429 | D:2      | Found a faded altar of an unknown god.
  1721 | D:3      | Gained mutation: You are partially covered in molten
                  | scales. (AC +2) [demonic ancestry]
  1721 | D:3      | Reached XP level 4. HP: 19/34 MP: 4/4
  1824 | D:3      | Noticed a black bear
  1950 | D:3      | Killed a black bear
  1951 | D:3      | Reached skill level 4 in Axes
  1951 | D:3      | Reached XP level 5. HP: 29/41 MP: 5/5
  2207 | D:3      | Noticed Grinder
  2219 | D:3      | Paralysed by Grinder for 2 turns
  2229 | D:3      | Killed Grinder
  2230 | D:3      | Reached skill level 5 in Axes
  2230 | D:3      | Gained mutation: You have large cloven feet. [demonic
                  | ancestry]
  2230 | D:3      | Reached XP level 6. HP: 29/48 MP: 6/6
  2849 | D:3      | Found a runed translucent door.
  2850 | D:3      | Noticed Crazy Yiuf
  3173 | D:4      | Found a burning altar of Makhleb.
  3185 | D:4      | Gained mutation: You regenerate magic rapidly. [demonic
                  | ancestry]
  3185 | D:4      | Reached XP level 7. HP: 54/54 MP: 7/7
  3234 | D:4      | Found a staircase to the Ecumenical Temple.
  3247 | Temple   | Entered the Ecumenical Temple
  3256 | Temple   | Became a worshipper of Warmaster Okawaru
  3742 | D:4      | Reached skill level 6 in Axes
  4018 | D:4      | Found a stormy altar of Qazlal.
  4039 | D:5      | Entered Level 5 of the Dungeon
  4055 | D:5      | Found a glowing drain.
  4077 | Sewer    | Entered a sewer
  4238 | Sewer    | Reached * piety under Okawaru
  4245 | Sewer    | Reached skill level 5 in Fighting
  4245 | Sewer    | Reached skill level 1 in Armour
  4245 | Sewer    | Reached XP level 8. HP: 42/62 MP: 8/8
  4617 | D:5      | Reached skill level 7 in Axes
  5721 | D:6      | Reached ** piety under Okawaru
  6009 | D:6      | Reached skill level 8 in Axes
  6017 | D:6      | Gained mutation: A meltable icy envelope protects you from
                  | harm. (AC +4) [demonic ancestry]
  6017 | D:6      | Reached XP level 9. HP: 27/69 MP: 9/9
  6335 | D:6      | Noticed Duvessa
  6346 | D:6      | Killed Duvessa
  6373 | D:6      | Noticed Dowan
  6402 | D:6      | Killed Dowan
  7269 | D:7      | Noticed a troll
  7281 | D:7      | Killed a troll
  7282 | D:7      | Reached skill level 1 in Invocations
  7344 | D:7      | Reached *** piety under Okawaru
  7574 | D:7      | Found a bloodstained altar of Trog.
  7597 | D:7      | Reached skill level 9 in Axes
  7771 | D:7      | Identified a scroll of acquirement
  7772 | D:7      | Acquired the +8 Wrath of Trog {antimagic, *Rage Rampage}
  7772 | D:7      | Found the +8 Wrath of Trog {antimagic, *Rage Rampage}
  7867 | D:7      | Found a hide-covered altar of Uskayaw.
  7973 | D:7      | Noticed Menkaure
  7976 | D:7      | Killed Menkaure
  7977 | D:7      | Reached skill level 5 in Throwing
  8747 | D:8      | Noticed Pikel
  8756 | D:8      | Killed Pikel
  8756 | D:8      | Reached **** piety under Okawaru
  8757 | D:8      | Gained mutation: You are mostly covered in molten scales.
                  | (AC +3) [demonic ancestry]
  8757 | D:8      | Reached XP level 10. HP: 79/79 MP: 4/13
  8802 | D:8      | Identified the +3 ring mail "Fisais" {rN+ Str+3 Int-3}
  8817 | D:8      | Reached skill level 5 in Invocations
  8825 | D:8      | Reached skill level 10 in Axes
  8938 | D:8      | Paralysed by a hornet for 2 turns
  8944 | D:8      | Reached ***** piety under Okawaru
  9240 | D:8      | Found the +6 Majin-Bo {spellvamp, MP+6 Int+6}
  9573 | D:9      | Received a gift from Okawaru
  9718 | D:9      | Found a radiant altar of Vehumet.
  9720 | D:9      | Found an ornate altar of the Wu Jian Council.
  9721 | D:9      | Found an ancient bone altar of Kikubaaqudgha.
 10026 | D:9      | Reached XP level 11. HP: 87/87 MP: 5/16
 10096 | D:9      | Reached skill level 11 in Axes
 10290 | D:9      | Found a staircase to the Lair.
 10556 | D:10     | Entered Level 10 of the Dungeon
 10886 | D:10     | Noticed a two-headed ogre
 10893 | D:10     | Killed a two-headed ogre
 11290 | Lair:1   | Entered Level 1 of the Lair of Beasts
 11372 | Lair:1   | Received a gift from Okawaru
 11497 | Lair:1   | Found the +15 Maxwell's patent armour {-Cast -Tele rElec
                  | Will+ rCorr}
 11536 | Lair:1   | Reached skill level 12 in Axes
 11726 | Lair:1   | Noticed a catoblepas
 11741 | Lair:1   | Killed a catoblepas
 11842 | Lair:1   | Reached ****** piety under Okawaru
 11852 | Lair:1   | Acquired the +7 crystal plate armour "Ysugh" {Int+3 Stlth+}
 11852 | Lair:1   | Received a gift from Okawaru
 11854 | Lair:1   | Acquired a +6 heavy executioner's axe
 11854 | Lair:1   | Received a gift from Okawaru
 11950 | Lair:1   | Reached XP level 12. HP: 96/96 MP: 6/18
 12228 | Lair:2   | Identified the +6 hand axe of Amorality {freeze, Dex+4}
 12249 | Lair:2   | Received a gift from Okawaru
 12305 | Lair:2   | Found a staircase to the Swamp.
 12370 | Lair:2   | Noticed a seven-headed hydra
 12381 | Lair:2   | Killed a seven-headed hydra
 12952 | Lair:2   | Reached skill level 10 in Fighting
 13057 | Lair:2   | Received a gift from Okawaru
 13058 | Lair:2   | Reached skill level 13 in Axes
 13058 | Lair:2   | Reached skill level 10 in Invocations
 13138 | Lair:2   | Noticed a four-headed hydra
 13152 | Lair:2   | Killed a four-headed hydra
 13361 | Lair:2   | Found a hole to the Spider Nest.
 13903 | Lair:3   | Received a gift from Okawaru
 13987 | Lair:3   | Noticed a seven-headed hydra
 14000 | Lair:3   | Killed a seven-headed hydra
 14162 | Lair:3   | Gained mutation: You are completely covered in molten
                  | scales. (AC +4, rF+) [demonic ancestry]
 14162 | Lair:3   | Reached XP level 13. HP: 104/104 MP: 7/21
 14544 | Lair:4   | You fall into a shaft and drop 1 floor!
 14544 | Lair:5   | Entered Level 5 of the Lair of Beasts
 15335 | Lair:4   | Reached skill level 14 in Axes
 15453 | Lair:4   | Slain by a seven-headed hydra

Illustrated notes

Levels and vault maps discovered:
D:1:      denvon_arrival_waterhouse, layout_loops_ring
D:2:      layout_loops_ring, ebering_ecumenical_altar_hall, minivault_14
D:3:      layout_loops_corners, uniq_grinder, uniq_crazy_yiuf_cottage
D:4:      layout_basic, mainiacjoe_overflow_alcove_1, amcnicky_altar_gilded,
          minmay_temple_entry_junction_2, minmay_bisected
D:5:      layout_basic, portal_sewer_entry_f, minmay_statues_item
D:6:      layout_loops_corners, general_overflow_altar, uniq_duvessa
D:7:      layout_basic, mainiacjoe_overflow_six_doors_small,
          eat_drink_and_be_merry_uskayaw, uniq_menkaure
D:8:      layout_loops_ring, minmay_crystal_water, serial_bayou_ford_a,
          onia_ninara_dug_in_and_dangerous, uniq_pikel
D:9:      layout_roguey, grunt_temple_overflow_open, erik_lair_dragon,
          minmay_fractal_squares_5
D:10:     layout_rooms
Temple:   eino_temple_lava
Lair:1:   layout_gridlike
Lair:2:   layout_cave_shapes, minmay_swamp_entry_worms,
          hellmonk_spider_entry_life_and_decay, minmay_shattered_shrine,
          serial_bayou_shore_b
Lair:3:   layout_long_grid, grunt_megastairs_4
Lair:4:   layout_small_grid, dpeg_slime_entry_enclosed, roderic_batcave
Lair:5:   wormcave, layout_regular_city, hangedman_lair_in_review

Skill      XL: |  1  2  3  4  5  6  7  8  9 10 11 12 13 |
---------------+----------------------------------------+-----
Throwing       | 2 3 4 5 6 7 8 9 |  9.2
Axes           | 3 4 5 6 8 9 10 12 13 14 | 14.0
Fighting       | 3 4 5 6 7 8 9 10 11 | 11.0
Armour         | 1 3 |  3.6
Invocations    | 4 6 9 10 11 | 11.4
Dodging        | |  2.8

Action                     |  1- 3 |  4- 6 |  7- 9 | 10-12 | 13-15 || total
---------------------------+-------+-------+-------+-------+-------++-------
  Melee: War axe           |    99 |    64 |   330 |       |       ||   493
         Punch             |     1 |     1 |     5 |       |       ||     7
         Kick              |       |     9 |   109 |   112 |    20 ||   250
         Battleaxe         |       |       |    21 |   366 |    74 ||   461
         Mace              |       |       |       |    18 |    18 ||    36
  Throw: Javelin           |       |     3 |     2 |       |       ||     5
         Boomerang         |       |    12 |    13 |    11 |       ||    36
         Throwing net      |       |     2 |       |       |       ||     2
         Dart              |       |       |     1 |       |       ||     1
 Invoke: Receive Weapon    |       |       |       |     1 |       ||     1
         Receive Armour    |       |       |       |     1 |       ||     1
    Use: Scroll            |     7 |     2 |    15 |     3 |     1 ||    28
         Potion            |       |       |     7 |     2 |     1 ||    10
   Stab: Sleeping          |       |       |     1 |       |       ||     1
 Armour: Leather armour    |    19 |       |       |       |       ||    19
         Ring mail         |    40 |    32 |   270 |   334 |   134 ||   810
  Dodge: Dodged            |    42 |    38 |   203 |   212 |    64 ||   559
  Block: Other             |    11 |     9 |    59 |   107 |    41 ||   227
         Reflection        |       |       |       |     1 |       ||     1
